 Dungeon Crawl Stone Soup version 0.22.1-1-ga44c0e5 (webtiles) character file.

59785 vierth the Imperceptible (level 14, -15/72 HPs)
             Began as a Spriggan Enchanter on Oct 6, 2018.
             Was the Champion of Dithmenos.
             Demolished by a death yak (17 damage)
             ... on level 6 of the Lair of Beasts on Oct 7, 2018.
             The game lasted 01:42:09 (24672 turns).

vierth the Imperceptible (Spriggan Enchanter)      Turns: 24672, Time: 01:42:10

Health: -15/72     AC:  7    Str:  4    XL:     14   Next: 54%
Magic:  29/29      EV: 29    Int: 20    God:    Dithmenos [******]
Gold:   1446       SH:  0    Dex: 25    Spells: 27/33 levels left

rFire    + . .     SeeInvis +   e - +2 dagger (elec)
rCold    + . .     Gourm    .   (shield restricted)
rNeg     + + .     Faith    .   N - +1 robe "Juanif" {Dex+7}
rPois    +         Spirit   .   (helmet restricted)
rElec    .         Reflect  .   M - scarf {rC+ rF+}
rCorr    .         Harm     .   (gloves unavailable)
MR       +++..                  (boots unavailable)
Stlth    ++++++++++             t - amulet of Yhet {+Rage rN++ MR+}
HPRegen  0.22/turn              w - ring of poison resistance
MPRegen  0.21/turn              n - +4 ring of protection

@: wreathed by umbra, very quick
A: very small, unfitting armour, see invisible, herbivore, speed 3, slow
metabolism 2
a: Shadow Step, Shadow Form, Renounce Religion, Evoke Berserk Rage


You were on level 6 of the Lair of Beasts.
You worshipped Dithmenos.
Dithmenos was exalted by your worship.
You were not hungry.

You visited 3 branches of the dungeon, and saw 21 of its levels.
You also visited: Ossuary.

You collected 1621 gold pieces.
You spent 175 gold pieces at shops.

Inventory:

Hand Weapons
 e - a +2 dagger of electrocution (weapon)
Armour
 c - a +2 cloak
 M - a scarf of resistance (worn)
 N - the +1 robe "Juanif" (worn) {Dex+7}
   (You took it off a gnoll on level 6 of the Dungeon)

   It affects your dexterity (+7).
Jewellery
 n - a +4 ring of protection (right hand)
 t - the amulet of Yhet (around neck) {+Rage rN++ MR+}
   (You acquired it on level 9 of the Dungeon)

   [amulet of rage]

   It greatly protects you from negative energy.
   It affects your resistance to hostile enchantments.
   It lets you go berserk.
 w - a ring of poison resistance (left hand)
 y - an uncursed amulet of regeneration
 F - an uncursed ring of stealth
 G - an uncursed amulet of the acrobat
Wands
 o - a wand of clouds (6)
 H - a wand of polymorph (10)
 K - a wand of iceblast (13)
 L - a wand of flame (81)
 O - a wand of enslavement (28)
 P - a wand of scattershot (4)
 V - a wand of acid (13)
Scrolls
 a - 14 scrolls of teleportation
 h - 3 scrolls of fear
 j - 4 scrolls of amnesia
 r - 3 scrolls of blinking
 v - 3 scrolls of enchant armour
 D - 3 scrolls of vulnerability {unknown}
 I - 4 scrolls of remove curse
 J - 3 scrolls of silence {unknown}
 S - a scroll of torment {unknown}
 T - 4 scrolls of identify
 U - 2 scrolls of magic mapping {unknown}
Potions
 g - 6 potions of degeneration {unknown}
 i - 9 potions of lignification {unknown}
 k - 13 potions of curing
 l - 7 potions of heal wounds {unknown}
 m - 6 potions of might
 p - 3 potions of brilliance {unknown}
 q - a potion of haste {unknown}
 s - a potion of mutation {unknown}
 u - 2 potions of berserk rage {unknown}
 x - 2 potions of resistance {unknown}
 z - 2 potions of experience {unknown}
 A - 4 potions of flight {unknown}
 B - a potion of ambrosia {unknown}
 C - a potion of magic {unknown}
 E - a potion of cancellation {unknown}
 W - a potion of agility {unknown}
Comestibles
 d - 24 rations


   Skills:
 + Level 7.5 Fighting
 - Level 10.0 Short Blades
 - Level 10.0 Dodging
 + Level 24.4 Stealth
 - Level 10.1 Spellcasting
 - Level 10.1 Hexes
 - Level 4.0 Ice Magic


You had 27 spell levels left.
You knew the following spells:

 Your Spells              Type           Power        Failure   Level  Hunger
a - Corona                Hex            ######.      1%          1    None
b - Ensorcelled Hibernat  Hex/Ice        #####.       1%          2    None
c - Confuse               Hex            ######..     1%          3    None

Your spell library contained the following spells:

 Spells                   Type           Power        Failure   Level  Hunger
 Tukima's Dance           Hex            ######..     1%          3    None
 Dazzling Spray           Conj/Hex       ####..       2%          3    None
 Inner Flame              Hex/Fire       ####....     2%          3    None
 Spectral Weapon          Hex/Chrm       ####....     2%          3    None
 Summon Guardian Golem    Hex/Summ       ####....     2%          3    None
 Flame Tongue             Conj/Fire      ##...        7%          1    None
 Infusion                 Chrm           ##..         7%          1    None
 Sandblast                Erth           ##....       7%          1    None
 Summon Small Mammal      Summ           ##..         7%          1    None
 Call Imp                 Summ           ##......     11%         2    None
 Passwall                 Tmut/Erth      ##......     11%         2    None
 Shroud of Golubria       Chrm/Tloc      ##........   11%         2    None
 Song of Slaying          Chrm           ##......     11%         2    None
 Throw Flame              Conj/Fire      ##....       11%         2    None
 Call Canine Familiar     Summ           ##......     21%         3    None
 Conjure Flame            Conj/Fire      ##......     21%         3    None
 Regeneration             Chrm/Necr      ##........   21%         3    None
 Stone Arrow              Conj/Erth      ##....       21%         3    None
 Summon Ice Beast         Ice/Summ       ###.....     30%         4    ##.....
 Petrify                  Tmut/Erth      ##......     56%         4    ##.....
 Sticky Flame             Conj/Fire      ##......     56%         4    ##.....
 Summon Lightning Spire   Summ/Air       ##......     56%         4    ##.....
 Fireball                 Conj/Fire      ##........   88%         5    ####...
 Irradiate                Conj/Tmut      ##........   88%         5    ####...
 Lee's Rapid Deconstruct  Erth           ##........   88%         5    ####...
 Hydra Form               Tmut           ##........   100%        6    ######.
 Statue Form              Tmut/Erth      ##.......    100%        6    ######.
 Dragon Form              Tmut           ##........   100%        7    #######


Dungeon Overview and Level Annotations

Branches:
Dungeon (14/15)            Temple (1/1) D:7            Lair (6/6) D:9
 Shoals (0/4) Lair:4       Spider (0/4) Lair:4        Slime (0/5) Lair:5
    Orc (0/2) D:12         Vaults (0/5) D:13

Altars:
Ashenzari
Cheibriados
Dithmenos
Elyvilon
Fedhas
Gozag
Hepliaklqana
Kikubaaqudgha
Makhleb
Nemelex Xobeh
Okawaru
Qazlal
Ru
Sif Muna
Trog
Uskayaw
Vehumet
Wu Jian
Xom
Yredelemnul
Zin
The Shining One
Beogh
Jiyva

Shops:
D:5 [   D:8 =

Portals:
Trove: D:11 (give 13 scrolls of teleportation)

Annotations:
Lair:3 exclusion: oklob plant


Innate Abilities, Weirdness & Mutations

You are very small and have problems with some larger weapons.
You are too small for most types of armour.
You have supernaturally acute eyesight. (SInv)
You are a herbivore.
You cover ground extremely quickly.
You need to consume almost no food.


Message History

You are engulfed in calcifying dust.
The catoblepas gores you!
The death yak is engulfed in calcifying dust.
The death yak is moving more slowly.
The death yak is engulfed in calcifying dust.
The death yak stops moving altogether!
You are engulfed in calcifying dust.
The catoblepas gores you!!
The death yak gores the plant!
The death yak bellows!
You are engulfed in calcifying dust.
The catoblepas gores you!!
* * * LOW HITPOINT WARNING * * *
The catoblepas gores you!
* * * LOW HITPOINT WARNING * * *
The catoblepas completely misses you. The death yak gores you.
* * * LOW HITPOINT WARNING * * *
The death yak stops moving altogether!
The catoblepas gores you!
* * * LOW HITPOINT WARNING * * *
You turn to flesh and can move again.
The death yak is no longer petrified.
The death yak gores you!
You die...

### ###.# ########...## ###
###..Y........# ###.# #######
##.Y...P##....P#
...####..##.###..YY..##§....##
.............#P.@.Y###§§..#.##
............##...###.Y....#..##
..#...#.#####....#..Y..Y..##..##
..#....## ##....##.8.Y.....#...#
.#.#..#####.....#.....##T..#...#
.......P#.#....P#.8..# ##..#...#
..........#P....# ... ..÷#...#
..........#....## #§.##
..........##P..# ##..#


You could see 4 death yaks and a catoblepas.

Vanquished Creatures
  An ettin (D:13)
  7 hydras
  2 catoblepae
  An anaconda (shapeshifter) (D:13)
  5 two-headed ogres
  3 death yaks (Lair:5)
  Nergalle (D:10)
  An unseen horror (D:13)
  A lindwurm (D:13)
  3 ugly things
  4 cyclopes
  8 elephants
  4 black mambas
  A merfolk siren (Lair:4)
  A centaur zombie (D:11)
  12 spiny frogs
  A gargoyle (D:13)
  A rime drake (Lair:6)
  8 komodo dragons
  3 kobold demonologists (D:13)
  3 trolls
  4 polar bears
  2 hornets (D:8)
  3 meliai (D:13)
  5 dream sheep (Lair:6)
  25 blink frogs
  8 hippogriffs
  A vampire (D:13)
  A redback (Lair:4)
  4 wyverns
  A wraith (D:11)
  47 yaks
  3 basilisks
  A hungry ghost (D:7)
  A steam dragon (Lair:2)
  7 vampire mosquitoes
  An acid dragon (D:13)
  7 porcupines
  14 water moccasins
  10 orc warriors
  6 sky beasts
  2 ice beasts (D:10)
  4 black bears
  A necrophage (D:8)
  2 phantoms
  25 wolves
  9 ogres
  8 centaurs
  10 crocodiles
  3 big kobolds (D:13)
  An elf zombie (D:8)
  14 bullfrogs
  A wyvern zombie (D:7)
  A wyvern skeleton (D:10)
  3 scorpions
  4 killer bees (D:7)
  5 wights (D:11)
  3 howler monkeys
  5 crimson imps
  2 bullfrog zombies
  4 hounds
  4 human zombies (D:8)
  3 jellies
  2 quasits
  A bullfrog skeleton (D:6)
  6 orc priests
  2 iguanas
  3 centaur skeletons
  3 human skeletons (D:8)
  15 orc wizards
  10 worker ants
  Natasha (twice) (D:2)
  4 hell rats (Lair:5)
  2 killer bee zombies
  9 mummies
  A worker ant zombie (D:5)
  7 adders
  7 gnolls
  6 shadow imps
  3 oozes
  An adder zombie (D:8)
  2 worms
  5 leopard geckos
  70 orcs
  A ball python (D:2)
  6 giant cockroaches
  4 goblins
  6 hobgoblins
  7 jackals
  5 quokkas
  5 bats
  5 frilled lizards
  A giant cockroach zombie (D:6)
  4 gnoll zombies (Ossuary)
  2 goblin zombies (D:6)
  A hobgoblin zombie (Ossuary)
  16 kobolds
  A kobold zombie (Ossuary)
  A leopard gecko skeleton (D:4)
  2 orc skeletons (D:8)
  3 orc zombies
  8 rats
575 creatures vanquished.

Vanquished Creatures (others)
  9 fungi
  11 plants
20 creatures vanquished.

Grand Total: 595 creatures vanquished

Notes
Turn   | Place    | Note
-------+----------+-------------------------------------------
     0 | D:1      | vierth the Spriggan Enchanter began the quest for the Orb.
     0 | D:1      | Reached XP level 1. HP: 9/9 MP: 5/5
   413 | D:1      | Reached XP level 2. HP: 7/13 MP: 6/6
   843 | D:1      | Learned a level 2 spell: Ensorcelled Hibernation
  1366 | D:1      | Reached XP level 3. HP: 14/16 MP: 5/8
  1806 | D:2      | Reached skill level 5 in Stealth
  2113 | D:2      | Noticed Natasha
  2118 | D:2      | Killed Natasha
  2118 | D:2      | Reached XP level 4. HP: 21/21 MP: 10/10
  2528 | D:2      | Noticed Natasha
  2538 | D:2      | Killed Natasha
  3294 | D:3      | Reached XP level 5. HP: 22/24 MP: 1/11
  3937 | D:4      | Reached skill level 6 in Stealth
  4058 | D:4      | Found a white marble altar of Elyvilon.
  4083 | D:4      | Reached XP level 6. HP: 28/28 MP: 9/13
  4853 | D:4      | Reached skill level 5 in Hexes
  5121 | D:4      | Reached skill level 5 in Short Blades
  5134 | D:4      | Reached XP level 7. HP: 32/32 MP: 11/15
  5433 | D:4      | Found a deep blue altar of Sif Muna.
  5596 | D:5      | Entered Level 5 of the Dungeon
  5596 | D:5      | Found a deep blue altar of Sif Muna.
  5606 | D:5      | Reached skill level 7 in Stealth
  5687 | D:5      | Found Tinarisa's Antique Armour Emporium.
  5696 | D:5      | Reached skill level 5 in Spellcasting
  6188 | D:5      | Reached XP level 8. HP: 36/36 MP: 12/17
  6500 | D:6      | Reached skill level 8 in Stealth
  6587 | D:6      | Found an ancient bone altar of Kikubaaqudgha.
  6590 | D:6      | Found a shimmering altar of Xom.
  6590 | D:6      | Found a hide-covered altar of Uskayaw.
  6590 | D:6      | Found a snail-covered altar of Cheibriados.
  6932 | D:6      | Found a sand-covered staircase.
  6939 | Ossuary  | Entered an ossuary
  7854 | D:6      | Noticed a hippogriff
  7857 | D:6      | Killed a hippogriff
  7857 | D:6      | Reached skill level 9 in Stealth
  8162 | D:6      | Reached XP level 9. HP: 39/39 MP: 17/20
  8535 | D:7      | Found a staircase to the Ecumenical Temple.
  8576 | Temple   | Entered the Ecumenical Temple
  8643 | Temple   | Became a worshipper of Dithmenos the Shadowed
  8764 | D:7      | Reached skill level 10 in Stealth
  9320 | D:8      | Found Roant's Jewellery Shoppe.
  9330 | D:8      | Bought an uncursed ring of stealth for 175 gold pieces
  9469 | D:8      | Reached * piety under Dithmenos
  9719 | D:8      | Found a basalt altar of Yredelemnul.
  9786 | D:8      | Reached skill level 10 in Short Blades
 10052 | D:8      | Reached skill level 11 in Stealth
 10052 | D:8      | Reached XP level 10. HP: 44/44 MP: 16/23
 10347 | D:9      | Noticed a green ugly thing
 10381 | D:8      | Reached skill level 5 in Dodging
 10406 | D:8      | HP: 2/44 [poisoned by a green ugly thing]
 10659 | D:8      | Reached skill level 12 in Stealth
 10788 | D:9      | Found a staircase to the Lair.
 10802 | D:9      | Reached ** piety under Dithmenos
 10930 | D:9      | Reached skill level 13 in Stealth
 11486 | D:8      | Killed a green ugly thing
 11632 | D:9      | Learned a level 3 spell: Confuse
 11966 | D:9      | Reached skill level 14 in Stealth
 12224 | D:9      | Identified a scroll of acquirement
 12225 | D:9      | Got a bound steel amulet
 12227 | D:9      | Identified the amulet of Yhet {+Rage rN++ MR+} (You
                  | acquired it on level 9 of the Dungeon)
 12251 | D:10     | Entered Level 10 of the Dungeon
 12268 | D:10     | Reached skill level 1 in Ice Magic
 12268 | D:10     | Reached XP level 11. HP: 47/47 MP: 24/24
 12612 | D:10     | Noticed a two-headed ogre
 12625 | D:10     | Killed a two-headed ogre
 12625 | D:10     | Reached *** piety under Dithmenos
 12625 | D:10     | Reached skill level 10 in Dodging
 13074 | D:10     | Noticed Nergalle
 13081 | D:10     | Killed Nergalle
 13081 | D:10     | Reached skill level 15 in Stealth
 13176 | D:11     | Reached skill level 16 in Stealth
 13624 | D:11     | Found a portal to a secret trove of treasure.
 13691 | D:11     | Reached skill level 17 in Stealth
 14046 | D:11     | Reached **** piety under Dithmenos
 14058 | D:12     | Noticed a four-headed hydra
 14062 | D:12     | Killed a four-headed hydra
 14229 | D:12     | Reached XP level 12. HP: 51/51 MP: 26/26
 14912 | D:12     | Found a roughly hewn altar of Beogh.
 14912 | D:12     | Found a staircase to the Orcish Mines.
 15434 | D:13     | Reached skill level 18 in Stealth
 15473 | D:13     | Noticed an anaconda
 15473 | D:13     | Noticed an ettin
 15476 | D:13     | Killed an anaconda
 15476 | D:13     | Reached skill level 10 in Hexes
 15478 | D:13     | Killed an ettin
 15478 | D:13     | Reached skill level 10 in Spellcasting
 15490 | D:13     | Found a gate to the Vaults.
 15533 | D:13     | Reached skill level 1 in Fighting
 15851 | D:13     | Noticed an ogre mage
 15851 | D:13     | Noticed a two-headed ogre
 15851 | D:13     | Noticed a two-headed ogre
 15852 | D:13     | Noticed a two-headed ogre
 15853 | D:13     | Noticed a two-headed ogre
 15853 | D:13     | Noticed a two-headed ogre
 16040 | D:13     | Noticed a two-headed ogre
 16253 | D:13     | Killed a two-headed ogre
 16253 | D:13     | Reached skill level 5 in Fighting
 16374 | D:13     | Reached ***** piety under Dithmenos
 16533 | D:13     | Killed a two-headed ogre
 16565 | D:13     | Killed a two-headed ogre
 16597 | D:13     | Killed a two-headed ogre
 16597 | D:13     | Reached skill level 19 in Stealth
 16937 | D:14     | Reached XP level 13. HP: 51/65 MP: 23/28
 17041 | Lair:1   | Entered Level 1 of the Lair of Beasts
 18079 | Lair:2   | Reached skill level 20 in Stealth
 18831 | Lair:3   | Reached skill level 21 in Stealth
 19979 | Lair:4   | Reached skill level 22 in Stealth
 20283 | Lair:4   | Reached ****** piety under Dithmenos
 20404 | Lair:4   | Found a hole to the Spider Nest.
 21022 | Lair:4   | Found a staircase to the Shoals.
 21433 | D:6      | Got a tattered robe
 21434 | D:6      | Identified the +1 robe "Juanif" {Dex+7} (You took it off a
                  | gnoll on level 6 of the Dungeon)
 21622 | Lair:5   | Found a labyrinth entrance.
 21671 | Lair:5   | Reached XP level 14. HP: 70/70 MP: 29/29
 21773 | Lair:5   | Reached skill level 23 in Stealth
 22142 | Lair:5   | Found a viscous altar of Jiyva.
 22143 | Lair:5   | Found a staircase to the Slime Pits.
 22783 | Lair:6   | Entered Level 6 of the Lair of Beasts
 23075 | Lair:6   | Reached skill level 24 in Stealth
 24670 | Lair:6   | HP: 2/72 [catoblepas (4)]
 24672 | Lair:6   | Demolished by a death yak

Skill      XL: |  1  2  3  4  5  6  7  8  9 10 11 12 13 14 |
---------------+-------------------------------------------+-----
Short Blades   | 2 3 4 5 6 8 10 | 10.0
Spellcasting   | 3 4 5 6 8 9 10 | 10.1
Hexes          | 4 5 6 7 8 9 10 | 10.1
Stealth        | 5 6 7 9 11 14 17 19 22 24 | 24.4
Dodging        | 9 10 | 10.0
Ice Magic      | 1 2 4 |  4.0
Fighting       | 6 7 |  7.5

Action                   |  1- 3 |  4- 6 |  7- 9 | 10-12 | 13-15 || total
-------------------------+-------+-------+-------+-------+-------++-------
Melee: Dagger            |    77 |    78 |   296 |   353 |   365 ||  1169
 Cast: Ensorcelled Hiber |    15 |    37 |    85 |   206 |   210 ||   553
       Corona            |     1 |       |       |       |       ||     1
       Confuse           |       |       |       |    18 |    15 ||    33
  Use: Scroll            |     5 |     3 |    18 |    10 |     1 ||    37
       Potion            |       |       |       |     1 |       ||     1
 Stab: Sleeping          |    20 |    30 |    75 |   166 |   147 ||   438
       Confused          |       |       |       |    14 |     5 ||    19
       Distracted        |       |       |       |     1 |     2 ||     3
  Eat: Ration            |       |     2 |     4 |     3 |     3 ||    12
Armor: Robe              |    11 |     7 |    25 |    22 |    38 ||   103
Dodge: Dodged            |    49 |    48 |   152 |   232 |   403 ||   884
